 Dungeon Sprint DCSS version 0.17-a0-1719-g1afd5a1 (webtiles) character file.

13700000 ztt the Plane Walker (level 27, -115/273 HPs)
             Began as a Ghoul Warper on Aug 27, 2015.
             Was the Champion of Makhleb.
             Annihilated by a fleshlord
             ... wielding a +9 great mace
              (366 damage)
             ... in the Dungeon (Sprint VIII: "Arena of Blood").
             The game lasted 00:03:06 (137 turns).

ztt the Plane Walker (Ghoul Warper)                  Turns: 137, Time: 00:03:06

Health: -115/273   AC:  6    Str: 28    XL:     27
Magic:  37/53      EV: 21    Int:  8    God:    Makhleb [******]
Gold:   0          SH:  0    Dex:  8    Spells: 4 memorised, 71 levels left

rFire  . . .     SeeInvis +     l - +∞ Axe of Woe
rCold  + . .     Clarity  .     b - +0 leather armour
rNeg   + + +     SustAt   .     (no shield)
rPois  ∞         Gourm    .     (no helmet)
rElec  .         Spirit   .     (no cloak)
rCorr  .         Warding  .     (no gloves)
rMut   .         NoTele   +     (no boots)
MR     ++...                    (no amulet)
Stlth  +++++++++.               (no ring)
                                m - ring of see invisible

@: rotting, slowed, very slow, very resistant to hostile enchantments,
incredibly stealthy
A: rotting body, claws 1, carnivore 3, cold resistance 1, negative energy
resistance 3, slow healing 1, torment resistance, unbreathing
a: Minor Destruction, Lesser Servant of Makhleb, Major Destruction, Greater
Servant of Makhleb, Renounce Religion


You were in the Dungeon.
You worshipped Makhleb.
Makhleb was exalted by your worship.
You were not hungry.

You visited 1 branch

Inventory:

Hand weapons
 a - a +0 hand axe
 l - the +∞ Axe of Woe (weapon)
   (You found it in the Dungeon)
Missiles
 e - 5 tomahawks of dispersal (quivered)
Armour
 b - a +0 leather armour (worn)
Jewellery
 m - a ring of see invisible (left claw)
 o - a +30 ring of slaying
 p - a +250 ring of slaying
 q - a +100 ring of slaying
Scrolls
 d - 2 scrolls of blinking
Potions
 g - a potion of curing
 h - a potion of heal wounds
 i - a potion of haste
 j - 2 potions of magic
 k - a potion of berserk rage
Books
 c - a book of Spatial Translocations

   Spells                             Type                      Level
   a - Apportation                    Translocation                1
   b - Blink                          Translocation                2
   c - Shroud of Golubria             Charms/Translocation         2
   d - Portal Projectile              Translocation                3
   e - Teleport Other                 Translocation                3
   f - Passage of Golubria            Translocation                4
Comestibles
 f - a meat ration
 n - 2 chunks of flesh


   Skills:
 O Level 27 Fighting
 O Level 27 Axes
 O Level 27 Throwing
 O Level 27 Armour
 O Level 27 Dodging
 O Level 27 Stealth
 O Level 27 Unarmed Combat
 O Level 27 Spellcasting
 O Level 27 Charms
 O Level 27 Translocations
 O Level 27 Invocations


You had 71 spell levels left.
You knew the following spells:

 Your Spells              Type           Power        Failure   Level  Hunger
a - Apportation           Tloc           ######....   0%          1    None
b - Blink                 Tloc           N/A          0%          2    None
c - Shroud of Golubria    Chrm/Tloc      ######....   0%          2    None
d - Passage of Golubria   Tloc           N/A          0%          4    ##.....


Dungeon Overview and Level Annotations

Branches:
Dungeon (1/1)

Altars:
Makhleb


Innate Abilities, Weirdness & Mutations

Your body is rotting away.
You thrive on raw meat.
You are immune to poison.
You have sharp fingernails.
You are carnivorous and can eat meat at any time.
Your flesh is cold resistant.
You are immune to negative energy.
You heal slowly when monsters are visible.
You are immune to unholy pain and torment.
You can survive without breathing.


Message History

You slash the observer!
You hew the observer savagely.
You kill the observer!
Makhleb accepts your kill.
You feel better.
You slice the meat berserker!!
You slaughter the meat berserker joyfully.
You kill the meat berserker!
Makhleb accepts your kill.
You feel better.
You hit the scourge.
You hew the scourge savagely.
You kill the scourge!
Makhleb accepts your kill.
You feel better.
You slash the large abomination!
You butcher the large abomination messily.
You destroy the large abomination!
You hear a shout! x2
The destroyer blinks!
You hear a shout!
The tyrant casts a spell.
The fleshlord hits you with a +9 great mace!!!!!!
Ouch! That really hurt!
You die...

#.. ..# L#O.. #...
..# . V.X.###...
..###. XX
X.X.X...###......
V.z#XXX....._.....
.#XDOL...#.....#
..oxXX.X.#_.<._#....
#XDXWpX.#§....#....
O.#XV)@))).Dop%....
......).)))###%.....
......###.)%....###.
........#.).....#...
........#.).%.p.#....
.......%.....†.......
#.#.%.......†.......
.#.......)).)..%...#.
#...%.)).)..%..##..


You could see 6 tentacled monstrosities, 2 tyrants, 3 eight-headed meat hydras,
3 destroyers, 3 fleshlords, a sculptor of flesh, 11 large abominations, a
wretched soul (invisible), 2 meat berserkers, a small abomination and 2 bags of
meat.

Vanquished Creatures
  6 hell knights (D)
  Sigmund (D)
  8 hell beasts (D)
  Edmund (D)
  3 greater mummies (D)
  6 great orbs of eyes (D)
  7 wraiths (D)
  5 vampire knights (D)
  24 ogres (D)
  5 liches (D)
  5 hydras (D)
  43 orcs (D)
  3 phantoms (D)
  7 hill giants (D)
  4 skeletal warriors (D)
  6 sea snakes (D)
  4 large abominations (D)
  7 crawling corpses (D)
145 creatures vanquished.

Vanquished Creatures (others)
  6 crawling corpses (D)
6 creatures vanquished.

Grand Total: 151 creatures vanquished

Notes
Turn   | Place    | Note
--------------------------------------------------------------
     0 | D        | ztt the Ghoul Warper began the quest for the Orb.
     0 | D        | Reached XP level 1. HP: 17/17 MP: 2/2
     3 | D        | Noticed a bag of meat
     4 | D        | Became a worshipper of Makhleb the Destroyer
     5 | D        | Noticed a bag of meat
     6 | D        | Noticed a bag of meat
     6 | D        | Noticed a meat berserker
     6 | D        | Noticed a bag of meat
     6 | D        | Killed a meat berserker
     6 | D        | Reached skill level 13 in Fighting
     6 | D        | Reached skill level 20 in Translocations
     6 | D        | Reached XP level 2. HP: 20/44 MP: 2/14
     6 | D        | Reached XP level 3. HP: 22/50 MP: 2/15
     6 | D        | Reached XP level 4. HP: 25/58 MP: 2/17
     6 | D        | Reached XP level 5. HP: 27/64 MP: 2/18
     6 | D        | Reached XP level 6. HP: 30/72 MP: 2/20
     6 | D        | Reached XP level 7. HP: 32/79 MP: 2/21
     6 | D        | Reached XP level 8. HP: 34/86 MP: 2/23
     6 | D        | Reached XP level 9. HP: 36/93 MP: 2/24
     6 | D        | Reached XP level 10. HP: 39/101 MP: 2/25
     6 | D        | Reached XP level 11. HP: 41/107 MP: 2/26
     6 | D        | Reached XP level 12. HP: 44/115 MP: 2/27
     6 | D        | Reached XP level 13. HP: 46/122 MP: 2/28
     7 | D        | Noticed a bag of meat
     7 | D        | Noticed a meat berserker
     7 | D        | Killed a bag of meat
     7 | D        | Acquired Makhleb's first power
     7 | D        | Reached skill level 22 in Translocations
     7 | D        | Reached XP level 14. HP: 48/133 MP: 2/30
     8 | D        | Noticed a bag of meat
     8 | D        | Killed a bag of meat
     8 | D        | Reached skill level 15 in Fighting
     8 | D        | Reached skill level 23 in Translocations
     9 | D        | Noticed a meat berserker
     9 | D        | Noticed a bag of meat
    10 | D        | Noticed a bag of meat
    11 | D        | Killed a meat berserker
    11 | D        | Acquired Makhleb's second power
    11 | D        | Reached skill level 15 in Spellcasting
    11 | D        | Reached skill level 25 in Translocations
    11 | D        | Reached XP level 15. HP: 7/147 MP: 3/33
    11 | D        | Killed a bag of meat
    11 | D        | Reached skill level 15 in Axes
    11 | D        | Reached skill level 26 in Translocations
    11 | D        | Reached XP level 16. HP: 69/157 MP: 3/34
    12 | D        | Killed a bag of meat
    12 | D        | Acquired Makhleb's third power
    12 | D        | Reached skill level 15 in Dodging
    12 | D        | Killed a bag of meat
    12 | D        | Reached skill level 5 in Throwing
    12 | D        | Reached skill level 27 in Translocations
    12 | D        | Killed a meat berserker
    12 | D        | Acquired Makhleb's fourth power
    12 | D        | Reached XP level 17. HP: 164/176 MP: 3/38
    13 | D        | Killed a bag of meat
    14 | D        | Noticed a bag of meat
    14 | D        | Noticed a bag of meat
    14 | D        | Noticed a meat berserker
    14 | D        | Noticed a bag of meat
    15 | D        | Noticed a bag of meat
    15 | D        | Noticed a bag of meat
    15 | D        | Killed a bag of meat
    15 | D        | Reached XP level 18. HP: 185/190 MP: 4/41
    15 | D        | Killed a bag of meat
    15 | D        | Acquired Makhleb's fifth power
    16 | D        | Killed a bag of meat
    17 | D        | Noticed a bag of meat
    17 | D        | Noticed a bag of meat
    17 | D        | Noticed a bag of meat
    18 | D        | Noticed a large bag of meat
    19 | D        | Killed a bag of meat
    19 | D        | Killed a meat berserker
    19 | D        | Reached skill level 27 in Fighting
    19 | D        | Reached skill level 10 in Throwing
    19 | D        | Reached XP level 19. HP: 202/207 MP: 5/44
    20 | D        | Killed a bag of meat
    20 | D        | Reached skill level 10 in Armour
    21 | D        | Killed a bag of meat
    21 | D        | Reached skill level 27 in Axes
    21 | D        | Killed a bag of meat
    23 | D        | Killed a bag of meat
    23 | D        | Reached XP level 20. HP: 216/216 MP: 6/48
    23 | D        | Killed a bag of meat
    23 | D        | Killed a bag of meat
    24 | D        | Noticed a destroyer
    25 | D        | Killed a large bag of meat
    25 | D        | Reached skill level 27 in Spellcasting
    26 | D        | Noticed a bag of meat
    26 | D        | Noticed a bag of meat
    26 | D        | Noticed a bag of meat
    27 | D        | Noticed a meat berserker
    27 | D        | Noticed a meat berserker
    27 | D        | Noticed a meat berserker
    27 | D        | Noticed a large bag of meat
    27 | D        | Noticed a large bag of meat
    27 | D        | Noticed a meat berserker
    28 | D        | Noticed a large bag of meat
    28 | D        | Noticed a bag of meat
    28 | D        | Noticed a large bag of meat
    29 | D        | Noticed a bag of meat
    29 | D        | Noticed a bag of meat
    29 | D        | Noticed a bag of meat
    29 | D        | Noticed a meat berserker
    29 | D        | Killed a meat berserker
    29 | D        | Reached skill level 27 in Dodging
    29 | D        | Reached XP level 21. HP: 76/224 MP: 8/51
    29 | D        | Killed a large bag of meat
    30 | D        | Noticed a large bag of meat
    30 | D        | Noticed a bag of meat
    31 | D        | Killed a destroyer
    31 | D        | Killed a meat berserker
    31 | D        | Reached XP level 22. HP: 206/233 MP: 8/52
    31 | D        | Killed a meat berserker
    31 | D        | Reached skill level 27 in Throwing
    31 | D        | Reached skill level 27 in Armour
    33 | D        | Noticed a sculptor of flesh
    34 | D        | Killed a meat berserker
    34 | D        | Killed a bag of meat
    34 | D        | Reached skill level 15 in Unarmed Combat
    34 | D        | Reached skill level 15 in Invocations
    34 | D        | Killed a large bag of meat
    34 | D        | Reached XP level 23. HP: 240/240 MP: 9/53
    35 | D        | Noticed a bag of meat
    35 | D        | Noticed a large bag of meat
    36 | D        | Noticed a meat berserker
    36 | D        | Noticed a sculptor of flesh
    36 | D        | Noticed a sculptor of flesh
    36 | D        | Killed a bag of meat
    36 | D        | Killed a bag of meat
    36 | D        | Killed a large bag of meat
    37 | D        | Killed a bag of meat
    37 | D        | Killed a meat berserker
    39 | D        | Noticed a destroyer
    40 | D        | Noticed a meat berserker
    40 | D        | Killed a bag of meat
    40 | D        | Reached XP level 24. HP: 249/249 MP: 11/53
    40 | D        | Killed a large bag of meat
    40 | D        | Reached skill level 27 in Stealth
    40 | D        | Killed a bag of meat
    40 | D        | Reached skill level 27 in Unarmed Combat
    40 | D        | Reached skill level 27 in Invocations
    41 | D        | Noticed a bag of meat
    41 | D        | Killed a large bag of meat
    41 | D        | Killed a bag of meat
    41 | D        | Killed a meat berserker
    41 | D        | Killed a bag of meat
    42 | D        | Noticed a destroyer
    42 | D        | Killed a sculptor of flesh
    43 | D        | Noticed a bag of meat
    43 | D        | Noticed a bag of meat
    43 | D        | Killed a sculptor of flesh
    44 | D        | Noticed a bag of meat
    44 | D        | Killed a sculptor of flesh
    44 | D        | Reached XP level 25. HP: 257/257 MP: 12/53
    44 | D        | Killed a large bag of meat
    44 | D        | Killed a bag of meat
    44 | D        | Killed a destroyer
    44 | D        | Noticed a tyrant
    45 | D        | Noticed a bag of meat
    45 | D        | Killed a meat berserker
    45 | D        | Killed a tyrant
    45 | D        | Reached XP level 26. HP: 266/266 MP: 12/53
    46 | D        | Noticed a bag of meat
    47 | D        | Noticed a bag of meat
    49 | D        | Killed a destroyer
    49 | D        | Killed a bag of meat
    51 | D        | Killed a bag of meat
    51 | D        | Killed a bag of meat
    52 | D        | Killed a bag of meat
    52 | D        | Killed a bag of meat
    52 | D        | Reached XP level 27. HP: 273/273 MP: 14/53
    52 | D        | Killed a bag of meat
    56 | D        | Killed a bag of meat
    60 | D        | Noticed a meat beast
    60 | D        | Noticed a meat berserker
    61 | D        | Noticed a meat beast
    62 | D        | Learned a level 2 spell: Blink
    64 | D        | Killed a meat berserker
    65 | D        | Killed a meat beast
    66 | D        | Killed a meat beast
    69 | D        | Noticed a meat berserker
    70 | D        | Learned a level 2 spell: Shroud of Golubria
    72 | D        | Noticed a meat beast
    72 | D        | Killed a meat berserker
    73 | D        | Killed a meat beast
    73 | D        | Reached skill level 27 in Charms
    79 | D        | Noticed a meat beast
    79 | D        | Learned a level 4 spell: Passage of Golubria
    83 | D        | Noticed a wretched soul
    85 | D        | Noticed a meat berserker
    85 | D        | Noticed a wretched soul
    85 | D        | Noticed a meat beast
    85 | D        | Noticed a dread
    85 | D        | Noticed a meat berserker
    86 | D        | Noticed a meat berserker
    86 | D        | Noticed a bag of meat
    86 | D        | Noticed a meat berserker
    86 | D        | Noticed The Captor
    87 | D        | Noticed a bag of meat
    87 | D        | Killed a meat berserker
    87 | D        | Killed a meat beast
    87 | D        | Noticed a meat beast
    88 | D        | Noticed a sculptor of flesh
    88 | D        | Noticed a dread
    88 | D        | Noticed a tyrant
    89 | D        | Noticed a destroyer
    89 | D        | Killed a meat berserker
    89 | D        | Killed a meat berserker
    89 | D        | Killed a meat berserker
    90 | D        | Killed a wretched soul
    90 | D        | Noticed a bag of meat
    91 | D        | Killed a tyrant
    91 | D        | Killed a wretched soul
    92 | D        | Noticed an observer
    92 | D        | Killed a meat beast
    94 | D        | Noticed a dread
    94 | D        | Noticed an accursed
    94 | D        | Killed a bag of meat
    94 | D        | Killed a dread
    94 | D        | Killed a destroyer
    95 | D        | Noticed an observer
    96 | D        | Noticed a bag of meat
    96 | D        | Killed The Captor
    97 | D        | Noticed The Defiler
    98 | D        | Killed an observer
    98 | D        | Killed an observer
    98 | D        | Killed The Defiler
    98 | D        | Killed a sculptor of flesh
    98 | D        | Killed a bag of meat
    99 | D        | Noticed an observer
    99 | D        | Noticed a tyrant
    99 | D        | Killed a dread
   101 | D        | Noticed a meat beast
   101 | D        | Killed a bag of meat
   101 | D        | Noticed a tyrant
   102 | D        | Noticed an accursed
   103 | D        | Killed an accursed
   103 | D        | Killed a bag of meat
   104 | D        | Killed a dread
   105 | D        | Killed a meat beast
   107 | D        | Killed a tyrant
   108 | D        | Killed an observer
   109 | D        | Noticed a wretched soul
   110 | D        | Noticed a dread
   111 | D        | Noticed an observer
   111 | D        | Killed a tyrant
   112 | D        | Killed an accursed
   115 | D        | Killed a dread
   116 | D        | Killed an observer
   116 | D        | Killed a wretched soul
   118 | D        | Noticed a dread
   119 | D        | Noticed a meat berserker
   119 | D        | Noticed a meat beast
   121 | D        | Noticed a dread
   121 | D        | Noticed a bag of meat
   121 | D        | Noticed a bag of meat
   122 | D        | Noticed a meat berserker
   122 | D        | Noticed a fleshlord
   122 | D        | Noticed a tyrant
   124 | D        | Noticed an accursed
   124 | D        | Killed a dread
   125 | D        | Noticed a bag of meat
   125 | D        | Noticed a meat berserker
   125 | D        | Noticed a meat beast
   125 | D        | Noticed a fleshlord
   125 | D        | Noticed a bag of meat
   125 | D        | Noticed a bag of meat
   125 | D        | Noticed a meat berserker
   125 | D        | Noticed a fleshlord
   126 | D        | Noticed a meat berserker
   126 | D        | Noticed a sculptor of flesh
   126 | D        | Noticed a dread
   126 | D        | Noticed an observer
   126 | D        | Killed a meat berserker
   126 | D        | Killed a meat berserker
   127 | D        | Noticed a bag of meat
   127 | D        | Noticed a destroyer
   127 | D        | Killed a dread
   127 | D        | Killed a meat beast
   128 | D        | Noticed an accursed
   128 | D        | Killed a meat berserker
   129 | D        | Noticed a bag of meat
   129 | D        | Noticed a tyrant
   129 | D        | Noticed a bag of meat
   129 | D        | Noticed a tyrant
   129 | D        | Noticed a wretched soul
   129 | D        | Noticed a fleshlord
   129 | D        | Killed a meat beast
   129 | D        | Killed a destroyer
   129 | D        | Killed an accursed
   130 | D        | Noticed an observer
   130 | D        | Noticed a fleshlord
   130 | D        | Killed a bag of meat
   130 | D        | Killed an observer
   130 | D        | Killed a bag of meat
   130 | D        | Killed a meat berserker
   131 | D        | Noticed a meat berserker
   131 | D        | Noticed a meat berserker
   131 | D        | Noticed a fleshlord
   131 | D        | Noticed a fleshlord
   131 | D        | Killed a fleshlord
   131 | D        | Killed a fleshlord
   131 | D        | Killed a fleshlord
   132 | D        | Noticed a meat berserker
   132 | D        | Killed a bag of meat
   132 | D        | Killed a tyrant
   133 | D        | Noticed a destroyer
   133 | D        | Killed a bag of meat
   133 | D        | Killed a dread
   133 | D        | Killed a fleshlord
   134 | D        | Noticed a bag of meat
   134 | D        | Killed a fleshlord
   134 | D        | Killed a meat berserker
   134 | D        | Killed a bag of meat
   134 | D        | Killed a bag of meat
   135 | D        | Noticed a destroyer
   135 | D        | Killed a bag of meat
   136 | D        | Noticed a bag of meat
   136 | D        | Noticed a meat berserker
   136 | D        | Killed a fleshlord
   136 | D        | Killed a meat berserker
   136 | D        | Noticed a fleshlord
   137 | D        | Killed an observer
   137 | D        | Killed a meat berserker
   137 | D        | Annihilated by a fleshlord

Vault maps used:
D:        meatsprint

Action                   |  1- 3 |  4- 6 |  7- 9 | 10-12 | 13-15 | 16-18 | 19-21 | 22-24 | 25-27 || total
-------------------------+-------+-------+-------+-------+-------+-------+-------+-------+-------++-------
Melee: Executioner's axe |     1 |       |       |       |     3 |     5 |     6 |     8 |    48 ||    71
 Cast: Shroud of Golubri |       |       |       |       |       |       |       |       |     1 ||     1
